Map: Odyssey LE

Players

llllllllllll - Winner!

  • Race: Protoss Protoss
  • League: Master
  • Spawn Location: 11:00

A.I. 1 (Easy)

  • Race: Terran Terran
  • Spawn Location: 5:00

VOD

Have the link to the VOD?

Description

Time

  • Played on: June 9, 2017, 2:05 a.m.
  • Length: 8:33
Show
View Real Time Build Order
Export as new Build Order

llllllllllll Protoss - Winner!

Build Orders: 1 Gate Expand, Blink Stalkers 

Get SALT Encoding   

  12  0:00  Probe (Chrono Boost)  
  13  0:11  Probe (Chrono Boost)  
  14  0:18  Pylon  
  15  0:21  Probe (Chrono Boost)  
  15  0:37  Gateway, Probe (Chrono Boost)  
  16  0:47  Probe (Chrono Boost)  
  16  0:48  Assimilator  
  17  0:58  Probe (Chrono Boost)  
  18  1:08  Probe (Chrono Boost)  
  19  1:20  Nexus  
  19  1:21  Probe (Chrono Boost)  
  20  1:32  Cybernetics Core  
  20  1:34  Probe (Chrono Boost)  
  20  1:39  Assimilator  
  21  1:45  Probe (Chrono Boost)  
  22  1:49  Pylon  
  22  1:55  Probe (Chrono Boost)  
  23  2:08  Adept  
  25  2:09  Mothership Core (Chrono Boost)  
  27  2:18  Warp Gate  
  27  2:28  Probe (Chrono Boost)  
  28  2:33  Probe (Chrono Boost)  
  29  2:39  Probe (Chrono Boost)  
  29  2:40  Robotics Facility  
  31  2:44  Probe (Chrono Boost)  
  31  2:48  Stalker  
  31  2:49  Probe (Chrono Boost)  
  34  2:54  Probe (Chrono Boost)  
  35  3:00  Pylon, Probe (Chrono Boost)  
  35  3:05  Probe (Chrono Boost)  
  37  3:10  Twilight Council  
  37  3:11  Probe (Chrono Boost)  
  38  3:15  Probe (Chrono Boost)  
  39  3:20  Stalker  
  39  3:22  Probe (Chrono Boost)  
  39  3:25  Observer  
  39  3:26  Probe (Chrono Boost)  
  43  3:30  Assimilator  
  43  3:34  Probe (Chrono Boost)  
  45  3:37  Gateway, Probe (Chrono Boost)  
  45  3:40  Blink  
  46  3:45  Gateway  
  46  3:46  Probe (Chrono Boost)  
  47  3:50  Probe (Chrono Boost)  
  48  3:58  Probe (Chrono Boost)  
  48  4:00  Probe (Chrono Boost)  
  50  4:05  Warp Prism  
  50  4:08  Pylon  
  53  4:10  Probe (Chrono Boost)  
  53  4:16  Probe (Chrono Boost)  
  54  4:25  Stalker  
  54  4:28  Assimilator  
  54  4:29  Pylon  
  54  4:30  Probe x2 (Chrono Boost)  
  58  4:33  Stalker  
  60  4:41  Observer  
  60  4:42  Pylon, Probe (Chrono Boost)  
  62  4:47  Stalker  
  64  4:52  Stalker  
  64  4:53  Gateway  
  64  4:54  Gateway  
  64  4:56  Probe (Chrono Boost)  
  64  4:58  Probe (Chrono Boost)  
  68  5:01  Stalker  
  68  5:05  Pylon  
  70  5:18  Forge  
  70  5:19  Probe x2 (Chrono Boost)  
  70  5:20  Forge  
  72  5:23  Stalker  
  72  5:25  Stalker  
  76  5:28  Stalker  
  76  5:31  Immortal  
  76  5:32  Resonating Glaives  
  82  5:50  Protoss Ground Weapons Level 1, Protoss Ground Armor Level 1  
  82  5:52  Stalker x2  
  86  6:00  Pylon  
  86  6:01  Pylon  
  86  6:02  Pylon  
  86  6:13  Immortal  
  90  6:20  Sentry x2  
  94  6:31  Sentry  
  94  6:32  Sentry  
  98  6:36  Nexus  
  98  6:39  Pylon  
  98  6:42  Gateway  
  98  6:44  Gateway  
  98  6:45  Adept x2  
  102  6:51  Adept  
  102  6:52  Immortal  
  108  7:03  Pylon  
  108  7:07  Probe x2 (Chrono Boost)  
  108  7:17  Adept x2  
  108  7:18  Adept x3  
  108  7:20  Pylon  
  118  7:35  Immortal  
  121  7:37  Adept  
  121  7:38  Sentry, Adept  
  121  7:43  Adept x2  
  131  7:45  Adept  
  133  7:57  Pylon, Probe (Chrono Boost)  
  136  7:58  Probe x2 (Chrono Boost)  
  136  8:03  Adept x3  
  142  8:06  Adept  
  142  8:07  Probe (Chrono Boost)  
  145  8:25  Stalker x2, Adept  
Show
View Real Time Build Order
Export as new Build Order

A.I. 1 (Easy) Terran 

Build Orders:  

Get SALT Encoding   

  12  0:00  SCV  
  13  0:13  SCV  
  14  0:19  Supply Depot  
  14  0:25  SCV  
  15  0:40  SCV  
  16  0:45  Barracks  
  16  0:46  Refinery  
  16  1:10  Supply Depot  
  16  1:21  Refinery  
  16  1:32  Marine, Orbital Command  
  17  1:51  Barracks Tech Lab  
  17  2:09  Marine  
  17  2:13  Supply Depot  
  17  2:14  SCV  
  19  2:26  SCV  
  20  2:34  Marine  
  21  2:38  SCV  
  22  2:50  SCV  
  25  2:58  Marauder  
  25  3:02  SCV  
  26  3:14  SCV  
  27  3:22  Marine  
  28  3:47  Marauder  
  30  4:11  Marauder  
  32  5:47  SCV  
  32  6:19  Marine  
  23  6:43  Marine  
  24  6:51  SCV  
  25  6:54  Supply Depot  
  23  7:01  Marine  
  23  7:03  SCV  
  23  7:16  SCV  
  23  7:17  Factory  
  23  7:18  Supply Depot  
  23  7:19  Marine  
  25  7:28  SCV  
  26  7:31  Command Center  
  26  7:37  Marine  
  28  8:02  Starport  
  24  8:06  SCV  
Tags
 
Composition
Blink Stalkers
League
Master
Matchup
PvT
Spawn Locations
Cross Positions
Add a new tag
Caveats
  • Supply blocks, unpowered buildings, or Contaminate may cause inaccurate times.
  • Supply counts are checked every 10 seconds.